[ AOE2 MATCH · #480201545 ]
Team RMSpanish vs Turks
[ REPLAY ANALYSIS · EXTRACTED FROM THE RECORDED GAME ]
Feudal
10:56
Castle
21:29
Imperial
—
| APM avg | 30.8 |
| APM peak | 63 |
| eAPM avg | 16.1 |
| Villagers / military | 68 / 24 |
Focus
⚔️ 33.6% · 🌾 66.4%
Conquistador ×22 · Petard ×2
Feudal
13:08
Castle
17:43
Imperial
—
| APM avg | 31.7 |
| APM peak | 58 |
| eAPM avg | 23.2 |
| Villagers / military | 136 / 2 |
Focus
⚔️ 6.8% · 🌾 93.2%
Mangonel ×1 · Monk ×1
Feudal
10:18
Castle
22:40
Imperial
—
| APM avg | 35.3 |
| APM peak | 66 |
| eAPM avg | 14.8 |
| Villagers / military | 61 / 13 |
Focus
⚔️ 11.2% · 🌾 88.8%
Militia ×13
Feudal
12:28
Castle
22:39
Imperial
—
| APM avg | 21.8 |
| APM peak | 56 |
| eAPM avg | 14.5 |
| Villagers / military | 80 / 17 |
Focus
⚔️ 13.3% · 🌾 86.7%
Archer ×15 · Mangonel ×2
Feudal
14:03
Castle
17:58
Imperial
22:39
| APM avg | 26.1 |
| APM peak | 66 |
| eAPM avg | 11.8 |
| Villagers / military | 64 / 33 |
Focus
⚔️ 18.4% · 🌾 81.6%
Hand Cannoneer ×18 · Bombard Cannon ×9 · Monk ×3 · Cavalry Archer ×3
Feudal
11:58
Castle
—
Imperial
—
| APM avg | 23.6 |
| APM peak | 52 |
| eAPM avg | 9.4 |
| Villagers / military | 47 / 2 |
Focus
⚔️ 8.2% · 🌾 91.8%
Scout Cavalry ×2
Feudal
11:13
Castle
26:23
Imperial
—
| APM avg | 71.3 |
| APM peak | 125 |
| eAPM avg | 41.9 |
| Villagers / military | 53 / 22 |
Focus
⚔️ 21.3% · 🌾 78.7%
Militia ×20 · Warrior Priest ×2
Feudal
12:02
Castle
15:34
Imperial
—
| APM avg | 30.1 |
| APM peak | 69 |
| eAPM avg | 12.9 |
| Villagers / military | 63 / 12 |
Focus
⚔️ 16.1% · 🌾 83.9%
Organ Gun ×8 · Archer ×4
Match map
Resources at game start + every placement click. Thick line = wall · dashed box = detected house wall. 🟡 gold · ⚪ stone · 🟢 berries · 🔶 boar · ⭕ relic
Inputs per minute
— murat - - Ejatch Lemayahu Gewodros
Build order — murat
First 150 of 170 actions detected
| 0:01 | Create | Villager (Male) ×4 |
| 0:03 | Build | House |
| 0:05 | Build | House |
| 1:25 | Create | Villager (Male) |
| 2:03 | Create | Villager (Male) |
| 2:03 | Create | Villager (Male) |
| 2:05 | Create | Villager (Male) |
| 2:06 | Create | Villager (Male) |
| 2:54 | Create | Villager (Male) |
| 2:54 | Create | Villager (Male) |
| 3:01 | Build | Lumber Camp |
| 3:02 | Create | Villager (Male) |
| 3:02 | Create | Villager (Male) |
| 3:27 | Build | House |
| 3:37 | Build | House |
| 3:40 | Create | Villager (Male) |
| 3:52 | Create | Villager (Male) |
| 3:52 | Create | Villager (Male) |
| 4:34 | Build | Mill |
| 5:06 | Create | Villager (Male) |
| 5:06 | Create | Villager (Male) |
| 5:11 | Create | Villager (Male) |
| 5:33 | Create | Villager (Male) |
| 5:33 | Create | Villager (Male) |
| 5:50 | Build | House |
| 6:03 | Create | Villager (Male) ×2 |
| 6:15 | Create | Villager (Male) ×3 |
| 6:15 | Create | Villager (Male) ×3 |
| 7:10 | Build | House |
| 8:04 | Research | Loom |
| 8:18 | Research | Feudal Age |
| 8:19 | Research | Feudal Age |
| 8:39 | Build | Mining Camp |
| 10:07 | Build | Mill |
| 10:25 | Create | Villager (Male) |
| 10:26 | Create | Villager (Male) |
| 10:56 | Age | Feudal Age |
| 11:08 | Build | Watch Tower |
| 11:21 | Build | Watch Tower |
| 11:30 | Build | Watch Tower |
| 11:33 | Create | Villager (Male) |
| 11:35 | Build | Farm |
| 11:40 | Research | Gold Mining |
| 11:40 | Research | Gold Mining |
| 11:41 | Research | Stone Mining |
| 11:42 | Research | Stone Mining |
| 11:43 | Research | Double-Bit Axe |
| 11:43 | Research | Double-Bit Axe |
| 11:44 | Research | Horse Collar |
| 11:45 | Research | Horse Collar |
| 12:02 | Create | Villager (Male) |
| 12:47 | Build | Watch Tower |
| 12:53 | Create | Villager (Male) ×4 |
| 13:12 | Build | Watch Tower |
| 13:22 | Build | Blacksmith |
| 13:29 | Create | Villager (Male) ×2 |
| 13:54 | Research | Fletching |
| 13:55 | Research | Fletching |
| 13:58 | Create | Villager (Male) ×2 |
| 14:05 | Build | Farm |
| 14:05 | Build | Farm |
| 14:09 | Build | Farm |
| 14:11 | Build | House |
| 14:43 | Build | Market |
| 15:09 | Build | Farm |
| 15:42 | Create | Villager (Male) |
| 15:43 | Create | Villager (Male) |
| 15:43 | Create | Villager (Male) |
| 15:46 | Build | Farm |
| 15:46 | Build | Farm |
| 15:47 | Build | Farm |
| 16:31 | Build | House |
| 16:33 | Build | House |
| 16:33 | Build | House |
| 16:39 | Build | House |
| 16:49 | Build | Mining Camp |
| 17:01 | Create | Villager (Male) |
| 17:02 | Create | Villager (Male) |
| 17:25 | Build | Mining Camp |
| 17:28 | Create | Villager (Male) |
| 17:32 | Build | Farm |
| 17:48 | Build | House |
| 18:49 | Research | Castle Age |
| 18:49 | Research | Castle Age |
| 19:06 | Create | Villager (Male) ×2 |
| 19:17 | Build | Farm |
| 19:17 | Build | Farm |
| 19:18 | Build | Farm |
| 19:22 | Build | Farm |
| 19:23 | Build | Farm |
| 19:23 | Build | Farm |
| 19:43 | Build | Farm |
| 20:18 | Research | Padded Archer Armor |
| 20:18 | Research | Padded Archer Armor |
| 20:29 | Create | Villager (Male) |
| 20:45 | Build | Stone Wall |
| 20:47 | Build | Building 673 |
| 21:29 | Age | Castle Age |
| 21:35 | Build | Castle |
| 21:47 | Research | Bodkin Arrow |
| 21:47 | Research | Bodkin Arrow |
| 21:47 | Research | Leather Archer Armor |
| 21:47 | Research | Leather Archer Armor |
| 21:48 | Create | Villager (Male) ×3 |
| 22:00 | Build | Farm |
| 22:04 | Build | Farm |
| 22:04 | Build | Farm |
| 22:04 | Build | Farm |
| 22:05 | Build | Farm |
| 22:09 | Create | Villager (Male) |
| 22:09 | Create | Villager (Male) |
| 22:31 | Build | House |
| 22:32 | Build | House |
| 22:42 | Build | Mining Camp |
| 22:48 | Create | Conquistador |
| 22:48 | Create | Conquistador |
| 22:49 | Create | Conquistador |
| 23:11 | Create | Conquistador |
| 23:11 | Create | Conquistador |
| 23:19 | Build | Mining Camp |
| 23:23 | Build | Barracks |
| 23:27 | Build | Lumber Camp |
| 23:29 | Research | Bow Saw |
| 23:29 | Research | Bow Saw |
| 23:46 | Create | Villager (Male) |
| 23:48 | Create | Conquistador |
| 23:51 | Create | Conquistador |
| 23:59 | Create | Conquistador |
| 24:01 | Create | Conquistador |
| 24:01 | Create | Conquistador |
| 24:09 | Build | Stable |
| 24:39 | Build | Stone Wall |
| 24:52 | Create | Villager (Male) |
| 24:52 | Create | Villager (Male) |
| 25:01 | Create | Petard |
| 25:01 | Create | Petard |
| 25:24 | Create | Conquistador |
| 25:25 | Create | Conquistador |
| 25:25 | Create | Conquistador |
| 25:25 | Create | Conquistador |
| 25:25 | Create | Conquistador |
| 25:30 | Create | Villager (Male) ×2 |
| 25:43 | Create | Villager (Male) |
| 26:07 | Create | Conquistador |
| 26:07 | Create | Conquistador |
| 26:07 | Create | Conquistador |
| 26:20 | Build | Building 487 |
| 26:23 | Build | Stone Wall |
| 26:29 | Research | Heavy Plow |
| 26:29 | Research | Heavy Plow |
Build order — Ejatch Lemayahu Gewodros
First 150 of 248 actions detected
| 0:05 | Build | House |
| 0:10 | Build | House |
| 0:12 | Create | Villager (Male) |
| 0:12 | Create | Villager (Male) |
| 0:13 | Create | Villager (Male) |
| 0:13 | Create | Villager (Male) |
| 0:13 | Create | Villager (Male) |
| 1:18 | Create | Villager (Male) |
| 1:19 | Create | Villager (Male) |
| 1:47 | Create | Villager (Male) |
| 2:32 | Create | Villager (Male) |
| 2:32 | Create | Villager (Male) |
| 2:36 | Research | Loom |
| 2:53 | Create | Villager (Male) |
| 2:54 | Create | Villager (Male) |
| 2:54 | Create | Villager (Male) |
| 3:26 | Create | Villager (Male) |
| 3:26 | Create | Villager (Male) |
| 4:12 | Create | Villager (Male) |
| 4:12 | Create | Villager (Male) |
| 4:27 | Build | Palisade Wall |
| 4:56 | Create | Villager (Male) |
| 4:56 | Create | Villager (Male) |
| 4:57 | Create | Villager (Male) |
| 4:57 | Create | Villager (Male) |
| 5:09 | Build | House |
| 5:18 | Create | Villager (Male) |
| 5:19 | Create | Villager (Male) |
| 5:35 | Build | Lumber Camp |
| 5:37 | Create | Villager (Male) |
| 5:37 | Create | Villager (Male) |
| 5:38 | Create | Villager (Male) |
| 5:50 | Build | House |
| 6:26 | Create | Villager (Male) |
| 6:26 | Create | Villager (Male) |
| 6:27 | Create | Villager (Male) |
| 6:42 | Create | Villager (Male) |
| 6:42 | Create | Villager (Male) |
| 7:08 | Create | Villager (Male) |
| 7:08 | Create | Villager (Male) |
| 7:09 | Create | Villager (Male) |
| 7:16 | Build | Mining Camp |
| 7:56 | Create | Villager (Male) |
| 7:56 | Create | Villager (Male) |
| 8:12 | Build | Mill |
| 8:15 | Create | Villager (Male) |
| 8:15 | Create | Villager (Male) |
| 8:43 | Build | House |
| 8:54 | Create | Villager (Male) |
| 8:55 | Create | Villager (Male) |
| 10:31 | Build | Palisade Wall |
| 10:38 | Build | Palisade Wall |
| 10:48 | Research | Feudal Age |
| 11:01 | Build | Mill |
| 11:16 | Build | Mining Camp |
| 11:30 | Create | Villager (Male) |
| 11:31 | Create | Villager (Male) |
| 12:09 | Build | House |
| 13:08 | Age | Feudal Age |
| 13:12 | Build | Market |
| 13:17 | Build | Blacksmith |
| 13:19 | Build | House |
| 13:25 | Research | Double-Bit Axe |
| 13:42 | Build | Stone Wall |
| 14:13 | Create | Villager (Male) |
| 14:13 | Create | Villager (Male) |
| 15:03 | Research | Castle Age |
| 15:03 | Research | Castle Age |
| 15:25 | Build | House |
| 15:26 | Build | House |
| 15:28 | Build | House |
| 16:11 | Build | Lumber Camp |
| 16:23 | Build | House |
| 17:43 | Age | Castle Age |
| 17:52 | Build | Siege Workshop |
| 17:59 | Build | Siege Workshop |
| 18:18 | Build | Town Center |
| 18:31 | Build | Town Center |
| 18:43 | Build | Town Center |
| 18:52 | Create | Villager (Male) |
| 18:55 | Research | Bow Saw |
| 18:58 | Create | Mangonel |
| 19:20 | Build | Farm |
| 19:22 | Build | Farm |
| 19:23 | Build | Farm |
| 19:58 | Create | Villager (Male) |
| 19:58 | Create | Villager (Male) |
| 19:59 | Create | Villager (Male) |
| 20:04 | Build | Monastery |
| 20:19 | Create | Villager (Male) |
| 20:20 | Create | Villager (Male) |
| 20:42 | Create | Villager (Male) |
| 20:42 | Create | Villager (Male) |
| 20:42 | Create | Villager (Male) |
| 20:43 | Create | Villager (Male) |
| 20:49 | Build | Farm |
| 20:50 | Build | Farm |
| 20:55 | Build | Farm |
| 20:56 | Build | Farm |
| 21:00 | Build | Farm |
| 21:02 | Build | Farm |
| 21:03 | Create | Villager (Male) |
| 21:07 | Create | Monk |
| 21:24 | Build | House |
| 21:25 | Build | House |
| 21:28 | Build | House |
| 21:28 | Build | House |
| 21:30 | Create | Villager (Male) |
| 21:30 | Create | Villager (Male) |
| 21:41 | Create | Villager (Male) |
| 21:41 | Create | Villager (Male) |
| 21:42 | Create | Villager (Male) |
| 21:42 | Create | Villager (Male) |
| 22:02 | Build | Farm |
| 22:03 | Build | Farm |
| 22:04 | Create | Villager (Male) |
| 22:33 | Build | House |
| 22:36 | Build | House |
| 22:37 | Build | House |
| 22:38 | Build | House |
| 22:39 | Create | Villager (Male) |
| 22:39 | Create | Villager (Male) |
| 22:39 | Create | Villager (Male) |
| 22:43 | Create | Villager (Male) |
| 22:43 | Create | Villager (Male) |
| 22:45 | Build | Farm |
| 22:54 | Create | Villager (Male) |
| 22:55 | Research | Horse Collar |
| 23:05 | Create | Villager (Male) |
| 23:05 | Create | Villager (Male) |
| 23:16 | Create | Villager (Male) |
| 23:16 | Create | Villager (Male) |
| 23:19 | Build | Farm |
| 23:22 | Create | Villager (Male) |
| 23:25 | Create | Villager (Male) |
| 23:26 | Create | Villager (Male) |
| 23:30 | Build | Farm |
| 23:32 | Build | Farm |
| 23:34 | Build | Farm |
| 23:37 | Create | Villager (Male) |
| 23:43 | Build | Building 487 |
| 23:46 | Build | House |
| 23:47 | Build | House |
| 23:48 | Build | House |
| 23:49 | Create | Villager (Male) |
| 23:49 | Create | Villager (Male) |
| 23:52 | Build | Farm |
| 23:54 | Create | Villager (Male) |
| 23:59 | Create | Villager (Male) |
| 23:59 | Create | Villager (Male) |
Build order — Khaledus Secundus
144 actions detected in the replay
| 0:01 | Create | Villager (Male) ×4 |
| 0:02 | Build | House |
| 0:04 | Build | House |
| 0:45 | Build | Mill |
| 1:36 | Create | Villager (Male) |
| 1:36 | Create | Villager (Male) |
| 1:59 | Create | Villager (Male) |
| 2:32 | Create | Villager (Male) |
| 2:32 | Create | Villager (Male) |
| 2:36 | Create | Villager (Male) |
| 3:05 | Build | House |
| 3:13 | Create | Villager (Male) |
| 3:39 | Create | Villager (Male) |
| 3:40 | Create | Villager (Male) |
| 3:43 | Build | Lumber Camp |
| 3:44 | Create | Villager (Male) |
| 4:18 | Create | Villager (Male) |
| 4:40 | Create | Villager (Male) |
| 5:09 | Build | House |
| 5:16 | Create | Villager (Male) |
| 5:44 | Create | Villager (Male) |
| 6:03 | Create | Villager (Male) |
| 6:03 | Create | Villager (Male) |
| 7:00 | Create | Villager (Male) |
| 7:16 | Build | Mining Camp |
| 7:21 | Research | Loom |
| 7:28 | Build | House |
| 8:08 | Research | Feudal Age |
| 8:23 | Build | Barracks |
| 9:24 | Build | Mill |
| 9:28 | Create | Militia ×5 |
| 9:43 | Create | Villager (Male) |
| 9:44 | Create | Villager (Male) |
| 10:18 | Age | Feudal Age |
| 10:42 | Create | Villager (Male) |
| 10:50 | Build | House |
| 11:00 | Research | Man-at-Arms (upgrade) |
| 11:01 | Research | Arson |
| 11:05 | Build | Blacksmith |
| 11:08 | Research | Double-Bit Axe |
| 11:09 | Create | Villager (Male) |
| 11:49 | Create | Militia ×4 |
| 12:09 | Build | Farm |
| 12:10 | Build | Farm |
| 12:10 | Build | Farm |
| 12:12 | Create | Villager (Male) |
| 12:22 | Create | Militia |
| 12:22 | Create | Militia |
| 12:42 | Create | Militia |
| 13:10 | Create | Militia |
| 13:18 | Build | Farm |
| 13:18 | Build | Farm |
| 13:19 | Build | Farm |
| 13:19 | Build | Farm |
| 13:19 | Build | Farm |
| 13:32 | Research | Scale Mail Armor |
| 13:58 | Create | Villager (Male) |
| 14:01 | Build | House |
| 14:02 | Build | House |
| 14:32 | Build | Farm |
| 14:34 | Create | Villager (Male) |
| 14:34 | Create | Villager (Male) |
| 14:48 | Create | Villager (Male) |
| 14:49 | Create | Villager (Male) |
| 14:53 | Build | Farm |
| 14:53 | Build | Farm |
| 14:54 | Build | Farm |
| 14:54 | Build | Farm |
| 14:54 | Build | Farm |
| 14:54 | Build | Farm |
| 15:04 | Build | Farm |
| 15:19 | Build | Farm |
| 15:36 | Build | Farm |
| 15:55 | Create | Villager (Male) |
| 16:05 | Build | Mining Camp |
| 16:06 | Create | Villager (Male) |
| 16:32 | Build | Farm |
| 16:32 | Build | Farm |
| 16:41 | Build | House |
| 16:41 | Build | House |
| 17:21 | Create | Villager (Male) |
| 17:23 | Create | Villager (Male) |
| 18:03 | Build | Market |
| 18:07 | Create | Villager (Male) |
| 18:08 | Create | Villager (Male) |
| 18:22 | Build | Stone Wall |
| 18:42 | Build | Stone Wall |
| 18:45 | Create | Villager (Male) |
| 19:01 | Build | Building 487 |
| 19:04 | Build | Farm |
| 19:04 | Create | Villager (Male) |
| 19:10 | Create | Villager (Male) |
| 19:30 | Build | Farm |
| 19:56 | Build | Farm |
| 20:00 | Research | Castle Age |
| 20:04 | Research | Horse Collar |
| 20:09 | Research | Forging |
| 20:36 | Research | Stone Mining |
| 20:46 | Research | Gold Mining |
| 21:44 | Create | Villager (Male) |
| 21:45 | Create | Villager (Male) |
| 21:51 | Build | Stable |
| 22:40 | Age | Castle Age |
| 22:43 | Create | Villager (Male) |
| 22:58 | Build | Town Center |
| 23:18 | Create | Villager (Male) |
| 23:33 | Create | Villager (Male) |
| 23:50 | Build | Town Center |
| 24:00 | Create | Villager (Male) |
| 24:00 | Create | Villager (Male) |
| 24:00 | Create | Villager (Male) |
| 24:00 | Create | Villager (Male) |
| 24:01 | Create | Villager (Male) |
| 24:16 | Research | Scale Barding Armor |
| 24:17 | Research | Iron Casting |
| 24:28 | Create | Villager (Male) |
| 24:29 | Create | Villager (Male) |
| 24:42 | Create | Villager (Male) |
| 24:49 | Build | Farm |
| 25:00 | Build | Farm |
| 25:03 | Create | Villager (Male) |
| 25:11 | Create | Villager (Male) |
| 25:19 | Research | Chain Barding Armor |
| 25:22 | Create | Villager (Male) |
| 25:22 | Create | Villager (Male) |
| 25:25 | Create | Villager (Male) |
| 25:29 | Build | Farm |
| 25:36 | Create | Villager (Male) |
| 25:38 | Create | Villager (Male) |
| 26:09 | Build | House |
| 26:10 | Build | House |
| 26:13 | Build | House |
| 26:14 | Build | House |
| 26:37 | Build | Stable |
| 26:46 | Research | Wheelbarrow |
| 26:50 | Research | Town Watch |
| 27:00 | Build | Farm |
| 27:01 | Build | Farm |
| 27:01 | Build | Farm |
| 27:23 | Build | Farm |
| 27:26 | Build | Farm |
| 28:00 | Build | Stable |
| 28:29 | Create | Villager (Male) |
| 28:39 | Build | Stable |
Build order — Holako
First 150 of 198 actions detected
| 0:03 | Build | House |
| 0:05 | Create | Villager (Male) |
| 0:05 | Create | Villager (Male) |
| 0:06 | Research | Loom |
| 0:07 | Create | Villager (Male) |
| 0:07 | Create | Villager (Male) |
| 0:07 | Create | Villager (Male) |
| 1:28 | Create | Villager (Male) |
| 1:29 | Create | Villager (Male) |
| 1:40 | Build | Palisade Wall |
| 2:17 | Create | Villager (Male) |
| 2:17 | Create | Villager (Male) |
| 2:32 | Build | House |
| 2:52 | Build | House |
| 2:54 | Create | Villager (Male) |
| 2:54 | Create | Villager (Male) |
| 2:55 | Create | Villager (Male) |
| 3:13 | Create | Villager (Male) |
| 3:13 | Create | Villager (Male) |
| 3:22 | Build | House |
| 3:32 | Create | Villager (Male) |
| 3:43 | Build | Palisade Wall |
| 3:53 | Create | Villager (Male) |
| 4:12 | Create | Villager (Male) |
| 4:23 | Create | Villager (Male) |
| 4:49 | Create | Villager (Male) |
| 5:26 | Build | Lumber Camp |
| 5:54 | Create | Villager (Male) |
| 6:08 | Create | Villager (Male) |
| 7:18 | Create | Villager (Male) |
| 7:18 | Create | Villager (Male) |
| 7:19 | Create | Villager (Male) |
| 7:20 | Create | Villager (Male) |
| 7:49 | Create | Villager (Male) |
| 7:52 | Build | House |
| 7:58 | Create | Villager (Male) |
| 9:04 | Build | Mining Camp |
| 9:09 | Create | Villager (Male) |
| 9:10 | Create | Villager (Male) |
| 9:56 | Build | Mill |
| 10:18 | Research | Feudal Age |
| 10:48 | Create | Villager (Male) |
| 10:50 | Create | Villager (Male) |
| 10:58 | Build | House |
| 11:00 | Build | House |
| 11:10 | Build | Barracks |
| 11:57 | Build | Mining Camp |
| 12:14 | Build | Mill |
| 12:28 | Age | Feudal Age |
| 12:35 | Build | Stone Wall |
| 12:59 | Build | Watch Tower |
| 13:03 | Create | Villager (Male) |
| 13:25 | Create | Villager (Male) |
| 13:31 | Build | Stone Wall |
| 13:34 | Build | Stone Wall |
| 13:36 | Build | Stone Wall |
| 13:40 | Create | Villager (Male) |
| 14:05 | Create | Villager (Male) |
| 14:26 | Build | Blacksmith |
| 14:37 | Create | Villager (Male) |
| 14:40 | Create | Villager (Male) |
| 14:50 | Build | Archery Range |
| 15:22 | Research | Fletching |
| 15:30 | Build | House |
| 15:34 | Build | Stone Wall |
| 15:57 | Create | Archer |
| 15:57 | Create | Archer |
| 15:58 | Create | Archer |
| 15:59 | Create | Villager (Male) |
| 15:59 | Create | Villager (Male) |
| 16:07 | Create | Villager (Male) |
| 16:37 | Build | Mining Camp |
| 16:39 | Create | Villager (Male) |
| 16:45 | Build | Farm |
| 16:55 | Build | House |
| 17:00 | Build | House |
| 17:01 | Build | House |
| 17:26 | Build | Stone Wall |
| 17:27 | Create | Villager (Male) |
| 17:33 | Build | Farm |
| 17:36 | Build | House |
| 17:38 | Build | House |
| 17:39 | Build | House |
| 17:40 | Build | House |
| 17:43 | Create | Villager (Male) |
| 17:51 | Build | Stone Wall |
| 17:53 | Build | Stone Wall |
| 17:53 | Build | Stone Wall |
| 17:55 | Build | Stone Wall |
| 17:59 | Build | House |
| 18:10 | Build | Farm |
| 18:10 | Build | Farm |
| 18:10 | Build | Farm |
| 18:15 | Build | Farm |
| 18:15 | Build | Farm |
| 18:17 | Create | Villager (Male) |
| 18:22 | Build | Farm |
| 18:25 | Create | Villager (Male) |
| 18:28 | Build | House |
| 18:52 | Create | Archer |
| 18:52 | Create | Archer |
| 19:10 | Build | Farm |
| 19:11 | Build | Farm |
| 19:16 | Build | Farm |
| 19:31 | Build | Farm |
| 19:40 | Build | Farm |
| 19:48 | Build | Farm |
| 19:52 | Research | Castle Age |
| 20:13 | Build | Farm |
| 20:30 | Research | Gold Mining |
| 20:37 | Research | Double-Bit Axe |
| 20:39 | Research | Padded Archer Armor |
| 20:44 | Create | Villager (Male) |
| 20:59 | Build | Archery Range |
| 22:16 | Create | Villager (Male) |
| 22:39 | Age | Castle Age |
| 22:40 | Build | Town Center |
| 22:43 | Build | Town Center |
| 22:59 | Build | Siege Workshop |
| 23:04 | Research | Crossbowman (upgrade) |
| 23:09 | Research | Bodkin Arrow |
| 23:18 | Create | Archer |
| 23:19 | Create | Archer |
| 23:20 | Create | Archer |
| 23:32 | Create | Villager (Male) |
| 23:33 | Create | Villager (Male) |
| 23:38 | Create | Villager (Male) |
| 23:43 | Create | Villager (Male) |
| 23:43 | Create | Villager (Male) |
| 23:46 | Create | Archer |
| 23:47 | Create | Archer |
| 23:54 | Create | Villager (Male) |
| 24:10 | Build | House |
| 24:11 | Build | House |
| 24:12 | Build | House |
| 24:13 | Build | House |
| 24:14 | Build | House |
| 24:15 | Build | House |
| 24:16 | Build | House |
| 24:17 | Build | House |
| 24:20 | Create | Villager (Male) |
| 24:20 | Create | Villager (Male) |
| 24:20 | Create | Villager (Male) |
| 24:26 | Create | Archer |
| 24:26 | Create | Archer |
| 24:28 | Create | Archer |
| 24:30 | Build | Farm |
| 24:40 | Create | Villager (Male) |
| 24:40 | Create | Villager (Male) |
| 24:40 | Create | Villager (Male) |
Build order — TuMaM4P3rraza
First 150 of 177 actions detected
| 0:02 | Create | Villager (Male) |
| 0:02 | Create | Villager (Male) |
| 0:02 | Create | Villager (Male) |
| 0:03 | Create | Villager (Male) |
| 0:04 | Build | House |
| 0:06 | Build | House |
| 0:07 | Build | House |
| 0:08 | Build | House |
| 0:13 | Build | Lumber Camp |
| 1:31 | Create | Villager (Male) |
| 1:31 | Create | Villager (Male) |
| 1:58 | Create | Villager (Male) |
| 1:59 | Create | Villager (Male) |
| 2:18 | Create | Villager (Male) |
| 2:55 | Create | Villager (Male) |
| 2:55 | Create | Villager (Male) |
| 3:26 | Create | Villager (Male) |
| 3:26 | Create | Villager (Male) |
| 4:03 | Create | Villager (Male) |
| 4:03 | Create | Villager (Male) |
| 4:16 | Create | Villager (Male) |
| 4:17 | Create | Villager (Male) |
| 4:45 | Create | Villager (Male) |
| 4:45 | Create | Villager (Male) |
| 5:26 | Create | Villager (Male) |
| 5:26 | Create | Villager (Male) |
| 5:48 | Create | Villager (Male) |
| 5:49 | Create | Villager (Male) |
| 5:59 | Create | Villager (Male) |
| 5:59 | Create | Villager (Male) |
| 6:00 | Create | Villager (Male) |
| 6:39 | Create | Villager (Male) |
| 6:39 | Create | Villager (Male) |
| 6:55 | Create | Villager (Male) |
| 6:56 | Create | Villager (Male) |
| 6:56 | Create | Villager (Male) |
| 6:59 | Build | Mill |
| 7:50 | Create | Villager (Male) |
| 7:50 | Create | Villager (Male) |
| 7:51 | Create | Villager (Male) |
| 8:18 | Build | House |
| 8:20 | Build | House |
| 8:28 | Create | Villager (Male) |
| 8:29 | Create | Villager (Male) |
| 8:32 | Build | Lumber Camp |
| 8:58 | Create | Villager (Male) |
| 8:58 | Create | Villager (Male) |
| 8:58 | Create | Villager (Male) |
| 9:00 | Create | Villager (Male) |
| 9:00 | Create | Villager (Male) |
| 9:38 | Create | Villager (Male) |
| 9:38 | Create | Villager (Male) |
| 9:38 | Create | Villager (Male) |
| 9:38 | Create | Villager (Male) |
| 9:39 | Create | Villager (Male) |
| 10:21 | Build | Mining Camp |
| 10:48 | Create | Villager (Male) |
| 10:57 | Create | Villager (Male) |
| 11:14 | Build | Mill |
| 11:38 | Research | Feudal Age |
| 12:24 | Create | Villager (Male) |
| 12:24 | Create | Villager (Male) |
| 12:24 | Create | Villager (Male) |
| 14:03 | Age | Feudal Age |
| 14:07 | Build | Market |
| 14:12 | Build | Blacksmith |
| 14:19 | Research | Double-Bit Axe |
| 14:19 | Research | Double-Bit Axe |
| 14:20 | Research | Horse Collar |
| 14:21 | Research | Horse Collar |
| 15:00 | Build | Farm |
| 15:00 | Build | Farm |
| 15:00 | Build | Farm |
| 15:01 | Build | Farm |
| 15:01 | Build | Farm |
| 15:05 | Build | Farm |
| 15:05 | Build | Farm |
| 15:06 | Build | Farm |
| 15:06 | Build | Farm |
| 15:06 | Build | Farm |
| 15:09 | Build | Farm |
| 15:13 | Research | Castle Age |
| 15:14 | Research | Castle Age |
| 15:14 | Research | Castle Age |
| 15:56 | Build | House |
| 16:24 | Build | Farm |
| 16:24 | Build | Farm |
| 16:25 | Build | Farm |
| 16:25 | Build | Farm |
| 16:31 | Create | Villager (Male) |
| 16:31 | Create | Villager (Male) |
| 16:31 | Create | Villager (Male) |
| 17:58 | Age | Castle Age |
| 18:02 | Build | Siege Workshop |
| 18:07 | Build | Monastery |
| 18:36 | Build | Barracks |
| 19:29 | Research | Imperial Age |
| 19:32 | Create | Monk |
| 19:32 | Create | Monk |
| 19:48 | Build | Archery Range |
| 19:52 | Build | Archery Range |
| 20:07 | Research | Bow Saw |
| 20:07 | Research | Bow Saw |
| 20:13 | Create | Monk |
| 20:41 | Research | Heavy Plow |
| 20:42 | Research | Heavy Plow |
| 20:42 | Research | Heavy Plow |
| 21:05 | Research | Loom |
| 21:05 | Research | Wheelbarrow |
| 21:13 | Build | House |
| 21:15 | Build | House |
| 21:15 | Build | House |
| 22:05 | Build | Farm |
| 22:05 | Build | Farm |
| 22:05 | Build | Farm |
| 22:06 | Build | Farm |
| 22:09 | Create | Villager (Male) |
| 22:09 | Create | Villager (Male) |
| 22:10 | Create | Villager (Male) |
| 22:13 | Build | Lumber Camp |
| 22:39 | Age | Imperial Age |
| 22:40 | Create | Bombard Cannon |
| 22:40 | Create | Bombard Cannon |
| 22:40 | Create | Bombard Cannon |
| 22:40 | Create | Bombard Cannon |
| 22:43 | Create | Hand Cannoneer |
| 22:43 | Create | Hand Cannoneer |
| 22:44 | Create | Hand Cannoneer |
| 22:44 | Create | Hand Cannoneer |
| 23:33 | Build | House |
| 23:34 | Build | House |
| 23:36 | Build | House |
| 23:38 | Create | Hand Cannoneer |
| 23:38 | Create | Hand Cannoneer |
| 23:39 | Create | Hand Cannoneer |
| 23:39 | Create | Hand Cannoneer |
| 24:15 | Create | Bombard Cannon |
| 24:15 | Create | Bombard Cannon |
| 24:16 | Create | Bombard Cannon |
| 25:00 | Create | Hand Cannoneer |
| 25:00 | Create | Hand Cannoneer |
| 25:01 | Create | Hand Cannoneer |
| 25:12 | Build | Siege Workshop |
| 25:19 | Create | Hand Cannoneer |
| 25:19 | Create | Hand Cannoneer |
| 25:45 | Create | Villager (Male) |
| 25:45 | Create | Villager (Male) |
| 25:46 | Create | Villager (Male) |
| 25:46 | Create | Villager (Male) |
| 25:46 | Create | Villager (Male) |
Build order — CaptainX
106 actions detected in the replay
| 0:02 | Create | Villager (Male) |
| 0:02 | Create | Villager (Male) |
| 0:02 | Create | Villager (Male) |
| 0:04 | Build | House |
| 0:05 | Build | House |
| 0:23 | Create | Villager (Male) |
| 1:11 | Research | Loom |
| 1:15 | Create | Villager (Male) |
| 1:17 | Research | Loom |
| 1:54 | Create | Villager (Male) |
| 1:54 | Create | Villager (Male) |
| 1:55 | Create | Villager (Male) |
| 2:10 | Create | Villager (Male) |
| 2:10 | Create | Villager (Male) |
| 2:17 | Create | Villager (Male) |
| 2:41 | Build | Building 796 |
| 3:02 | Build | Building 796 |
| 3:08 | Build | House |
| 3:22 | Build | Palisade Wall |
| 3:29 | Create | Villager (Male) |
| 3:30 | Create | Villager (Male) |
| 3:41 | Create | Villager (Male) |
| 3:41 | Create | Villager (Male) |
| 4:24 | Create | Villager (Male) |
| 5:13 | Build | Lumber Camp |
| 5:26 | Create | Villager (Male) |
| 5:27 | Create | Villager (Male) |
| 5:27 | Create | Villager (Male) |
| 5:45 | Build | House |
| 6:27 | Create | Villager (Male) |
| 6:27 | Create | Villager (Male) |
| 6:27 | Create | Villager (Male) |
| 7:22 | Build | Mill |
| 8:25 | Create | Villager (Male) |
| 8:26 | Create | Villager (Male) |
| 8:32 | Research | Feudal Age |
| 8:36 | Create | Villager (Male) |
| 8:40 | Create | Villager (Male) |
| 9:48 | Research | Feudal Age |
| 9:48 | Create | Villager (Male) |
| 9:50 | Create | Villager (Male) |
| 9:59 | Build | House |
| 10:02 | Build | House |
| 10:10 | Build | Mill |
| 10:53 | Build | Mining Camp |
| 11:56 | Build | Barracks |
| 11:58 | Age | Feudal Age |
| 12:00 | Create | Villager (Male) |
| 12:13 | Research | Double-Bit Axe |
| 12:28 | Create | Villager (Male) |
| 12:28 | Create | Villager (Male) |
| 12:41 | Build | Mill |
| 12:50 | Create | Villager (Male) |
| 14:05 | Build | Stable |
| 14:49 | Create | Scout Cavalry |
| 14:49 | Create | Scout Cavalry |
| 15:09 | Build | Mining Camp |
| 15:30 | Build | Stable |
| 16:44 | Build | Watch Tower |
| 16:55 | Create | Villager (Male) |
| 16:56 | Create | Villager (Male) |
| 16:56 | Create | Villager (Male) |
| 16:56 | Create | Villager (Male) |
| 16:56 | Create | Villager (Male) |
| 19:07 | Build | Mill |
| 19:11 | Create | Villager (Male) |
| 19:11 | Create | Villager (Male) |
| 19:11 | Create | Villager (Male) |
| 19:12 | Create | Villager (Male) |
| 19:29 | Research | Horse Collar |
| 19:38 | Build | Farm |
| 19:38 | Build | Farm |
| 19:38 | Build | Farm |
| 19:39 | Build | Farm |
| 19:41 | Build | Farm |
| 19:49 | Build | Farm |
| 19:50 | Build | Farm |
| 19:51 | Build | Farm |
| 19:56 | Build | Farm |
| 20:01 | Build | Farm |
| 20:26 | Create | Villager (Male) |
| 20:27 | Create | Villager (Male) |
| 20:38 | Build | Farm |
| 20:57 | Build | House |
| 21:00 | Build | House |
| 21:27 | Create | Villager (Male) |
| 21:46 | Build | Farm |
| 21:46 | Build | Farm |
| 21:47 | Build | Farm |
| 21:49 | Build | Farm |
| 21:50 | Build | Farm |
| 21:53 | Create | Villager (Male) |
| 23:03 | Build | Market |
| 23:14 | Build | Blacksmith |
| 23:22 | Build | Farm |
| 23:23 | Create | Villager (Male) |
| 23:23 | Create | Villager (Male) |
| 23:34 | Build | Farm |
| 23:35 | Build | Farm |
| 23:59 | Build | House |
| 24:00 | Build | House |
| 24:02 | Build | House |
| 24:40 | Research | Castle Age |
| 25:11 | Build | Farm |
| 25:12 | Build | Farm |
| 27:47 | Build | Town Center |
Build order — Hakka
First 150 of 189 actions detected
| 0:01 | Create | Villager (Male) |
| 0:02 | Create | Villager (Male) |
| 0:03 | Build | House |
| 0:05 | Build | House |
| 0:13 | Create | Villager (Male) |
| 0:13 | Create | Villager (Male) |
| 0:14 | Create | Villager (Male) |
| 1:31 | Create | Villager (Male) |
| 1:32 | Create | Villager (Male) |
| 1:32 | Create | Villager (Male) |
| 1:32 | Create | Villager (Male) |
| 2:13 | Create | Villager (Male) |
| 2:13 | Create | Villager (Male) |
| 2:13 | Create | Villager (Male) |
| 2:13 | Create | Villager (Male) |
| 2:18 | Build | Mule Cart |
| 2:28 | Create | Villager (Male) |
| 2:29 | Create | Villager (Male) |
| 2:29 | Create | Villager (Male) |
| 2:57 | Create | Villager (Male) |
| 2:58 | Create | Villager (Male) |
| 3:04 | Create | Villager (Male) |
| 3:04 | Create | Villager (Male) |
| 3:04 | Create | Villager (Male) |
| 3:45 | Build | House |
| 3:50 | Build | House |
| 4:03 | Create | Villager (Male) |
| 4:03 | Create | Villager (Male) |
| 4:03 | Create | Villager (Male) |
| 4:03 | Create | Villager (Male) |
| 4:56 | Create | Villager (Male) |
| 4:56 | Create | Villager (Male) |
| 4:56 | Create | Villager (Male) |
| 5:17 | Create | Villager (Male) |
| 5:18 | Create | Villager (Male) |
| 5:18 | Create | Villager (Male) |
| 5:18 | Create | Villager (Male) |
| 5:34 | Create | Villager (Male) |
| 5:35 | Create | Villager (Male) |
| 5:35 | Create | Villager (Male) |
| 5:55 | Create | Villager (Male) |
| 6:00 | Create | Villager (Male) |
| 6:07 | Build | House |
| 6:19 | Create | Villager (Male) |
| 6:40 | Build | House |
| 7:01 | Build | Barracks |
| 7:15 | Build | Mule Cart |
| 7:43 | Create | Villager (Male) |
| 8:03 | Create | Villager (Male) |
| 8:24 | Create | Villager (Male) |
| 9:01 | Research | Feudal Age |
| 9:01 | Research | Feudal Age |
| 9:01 | Research | Feudal Age |
| 9:25 | Create | Militia |
| 9:25 | Create | Militia |
| 9:25 | Create | Militia |
| 9:26 | Create | Militia |
| 9:26 | Create | Militia |
| 9:26 | Create | Militia |
| 9:26 | Create | Militia |
| 10:12 | Create | Militia |
| 10:12 | Create | Militia |
| 10:15 | Create | Militia |
| 11:13 | Age | Feudal Age |
| 11:17 | Research | Man-at-Arms (upgrade) |
| 11:17 | Research | Man-at-Arms (upgrade) |
| 11:18 | Research | Man-at-Arms (upgrade) |
| 11:18 | Research | Man-at-Arms (upgrade) |
| 11:18 | Research | Man-at-Arms (upgrade) |
| 11:18 | Research | Man-at-Arms (upgrade) |
| 11:29 | Build | Blacksmith |
| 11:37 | Build | Mill |
| 11:56 | Build | House |
| 12:00 | Research | Long Swordsman (upgrade) |
| 12:00 | Research | Long Swordsman (upgrade) |
| 12:01 | Research | Long Swordsman (upgrade) |
| 12:01 | Research | Long Swordsman (upgrade) |
| 12:01 | Research | Long Swordsman (upgrade) |
| 12:02 | Research | Arson |
| 12:03 | Research | Arson |
| 12:03 | Research | Arson |
| 12:03 | Research | Arson |
| 12:03 | Research | Arson |
| 12:03 | Research | Arson |
| 12:20 | Build | Stone Wall |
| 12:25 | Build | Building 665 |
| 12:28 | Build | Stone Wall |
| 12:29 | Build | Stone Wall |
| 12:44 | Build | Mule Cart |
| 13:07 | Research | Forging |
| 13:07 | Research | Forging |
| 13:07 | Research | Forging |
| 13:07 | Research | Forging |
| 13:08 | Research | Scale Mail Armor |
| 13:08 | Research | Scale Mail Armor |
| 13:08 | Research | Scale Mail Armor |
| 13:08 | Research | Scale Mail Armor |
| 13:09 | Research | Scale Mail Armor |
| 13:37 | Create | Villager (Male) |
| 13:37 | Create | Villager (Male) |
| 13:41 | Research | Loom |
| 13:41 | Research | Loom |
| 13:41 | Research | Loom |
| 13:43 | Create | Militia |
| 13:43 | Create | Militia |
| 13:43 | Create | Militia |
| 13:44 | Create | Militia |
| 14:34 | Build | Stone Wall |
| 14:57 | Create | Villager (Male) |
| 14:57 | Create | Villager (Male) |
| 14:58 | Create | Villager (Male) |
| 15:09 | Build | Stone Wall |
| 15:25 | Build | Building 490 |
| 15:29 | Build | Stone Wall |
| 15:36 | Create | Militia |
| 15:36 | Create | Militia |
| 15:48 | Build | House |
| 15:51 | Build | House |
| 16:03 | Research | Town Watch |
| 16:04 | Research | Town Watch |
| 16:04 | Research | Town Watch |
| 16:04 | Research | Town Watch |
| 16:04 | Research | Town Watch |
| 16:14 | Build | Market |
| 16:59 | Build | Mule Cart |
| 17:25 | Create | Militia |
| 17:25 | Create | Militia |
| 17:26 | Create | Militia |
| 17:26 | Create | Militia |
| 18:53 | Research | Horse Collar |
| 18:53 | Research | Horse Collar |
| 18:54 | Research | Horse Collar |
| 18:54 | Research | Horse Collar |
| 19:09 | Build | Stone Wall |
| 19:38 | Build | Farm |
| 19:38 | Build | Farm |
| 19:38 | Build | Farm |
| 19:38 | Build | Farm |
| 19:38 | Build | Farm |
| 19:38 | Build | Farm |
| 19:39 | Build | Farm |
| 19:39 | Build | Farm |
| 19:39 | Build | Farm |
| 20:07 | Build | Farm |
| 20:08 | Build | Farm |
| 20:21 | Create | Villager (Male) |
| 20:21 | Create | Villager (Male) |
| 20:22 | Create | Villager (Male) |
| 21:46 | Create | Villager (Male) |
| 21:47 | Create | Villager (Male) |
Build order — Gırbanç
134 actions detected in the replay
| 0:02 | Create | Villager (Male) |
| 0:02 | Create | Villager (Male) |
| 0:03 | Create | Villager (Male) |
| 0:04 | Build | House |
| 0:05 | Build | House |
| 0:06 | Create | Villager (Male) |
| 0:06 | Create | Villager (Male) |
| 1:37 | Create | Villager (Male) |
| 1:37 | Create | Villager (Male) |
| 1:48 | Research | Loom |
| 2:04 | Create | Villager (Male) |
| 2:04 | Create | Villager (Male) |
| 2:16 | Build | Lumber Camp |
| 2:18 | Create | Villager (Male) |
| 2:19 | Create | Villager (Male) |
| 2:52 | Create | Villager (Male) |
| 3:03 | Create | Villager (Male) |
| 3:04 | Create | Villager (Male) |
| 3:16 | Build | Palisade Wall |
| 3:29 | Build | House |
| 3:40 | Create | Villager (Male) |
| 3:40 | Create | Villager (Male) |
| 3:56 | Create | Villager (Male) |
| 3:56 | Create | Villager (Male) |
| 4:08 | Build | Palisade Wall |
| 4:27 | Create | Villager (Male) |
| 4:28 | Create | Villager (Male) |
| 4:47 | Build | Mill |
| 5:11 | Create | Villager (Male) |
| 5:12 | Create | Villager (Male) |
| 5:12 | Create | Villager (Male) |
| 6:07 | Create | Villager (Male) |
| 6:07 | Create | Villager (Male) |
| 6:07 | Create | Villager (Male) |
| 6:41 | Create | Villager (Male) |
| 6:42 | Create | Villager (Male) |
| 6:48 | Build | House |
| 7:40 | Build | Mining Camp |
| 7:57 | Create | Villager (Male) |
| 8:23 | Build | Mill |
| 8:27 | Create | Villager (Male) |
| 8:29 | Create | Villager (Male) |
| 8:49 | Build | House |
| 9:04 | Create | Villager (Male) |
| 9:52 | Research | Feudal Age |
| 11:27 | Create | Villager (Male) |
| 11:59 | Create | Villager (Male) |
| 12:00 | Create | Villager (Male) |
| 12:02 | Age | Feudal Age |
| 12:06 | Build | Market |
| 12:08 | Build | Blacksmith |
| 12:26 | Build | Stone Wall |
| 12:54 | Research | Castle Age |
| 13:01 | Build | Mining Camp |
| 13:13 | Research | Double-Bit Axe |
| 13:25 | Create | Villager (Male) |
| 13:30 | Build | Barracks |
| 13:57 | Research | Horse Collar |
| 14:19 | Build | Building 487 |
| 14:25 | Build | Stone Wall |
| 14:33 | Build | Archery Range |
| 15:07 | Build | Lumber Camp |
| 15:29 | Create | Archer |
| 15:34 | Age | Castle Age |
| 15:56 | Create | Villager (Male) |
| 16:15 | Create | Villager (Male) |
| 16:15 | Create | Villager (Male) |
| 16:27 | Create | Archer |
| 16:29 | Build | House |
| 16:34 | Research | Town Watch |
| 16:35 | Create | Villager (Male) |
| 17:00 | Create | Villager (Male) |
| 17:00 | Create | Villager (Male) |
| 17:13 | Create | Villager (Male) |
| 17:23 | Build | House |
| 17:24 | Build | House |
| 17:34 | Build | Castle |
| 18:01 | Build | House |
| 18:03 | Build | House |
| 18:15 | Create | Archer |
| 18:15 | Create | Archer |
| 19:00 | Create | Villager (Male) |
| 19:00 | Create | Villager (Male) |
| 19:01 | Create | Villager (Male) |
| 19:01 | Create | Villager (Male) |
| 19:08 | Build | Farm |
| 19:09 | Build | Farm |
| 19:09 | Build | Farm |
| 19:09 | Build | Farm |
| 19:09 | Build | Farm |
| 19:09 | Build | Farm |
| 19:10 | Build | Farm |
| 19:10 | Build | Farm |
| 19:10 | Build | Farm |
| 19:10 | Build | Farm |
| 19:15 | Build | House |
| 19:44 | Build | Farm |
| 19:52 | Create | Villager (Male) |
| 20:03 | Create | Villager (Male) |
| 20:03 | Create | Villager (Male) |
| 20:12 | Build | Stone Wall |
| 20:21 | Build | Stone Wall |
| 21:20 | Create | Organ Gun ×3 |
| 21:20 | Create | Organ Gun ×3 |
| 21:26 | Build | Stone Wall |
| 21:41 | Create | Villager (Male) |
| 21:41 | Create | Villager (Male) |
| 21:41 | Create | Villager (Male) |
| 21:50 | Build | House |
| 21:53 | Build | House |
| 22:09 | Create | Villager (Male) |
| 22:16 | Build | Stone Wall |
| 23:49 | Create | Villager (Male) |
| 23:50 | Create | Villager (Male) |
| 24:06 | Create | Villager (Male) |
| 24:52 | Create | Organ Gun |
| 24:52 | Create | Organ Gun |
| 25:12 | Build | Archery Range |
| 25:12 | Create | Villager (Male) |
| 25:15 | Build | Mining Camp |
| 25:37 | Build | Farm |
| 25:38 | Build | Farm |
| 25:46 | Build | Farm |
| 25:47 | Build | Farm |
| 25:47 | Build | Farm |
| 25:47 | Build | Farm |
| 25:47 | Build | Farm |
| 26:35 | Create | Villager (Male) |
| 26:35 | Create | Villager (Male) |
| 26:59 | Create | Villager (Male) |
| 27:34 | Build | Farm |
| 27:51 | Build | Mill |
| 27:51 | Create | Villager (Male) |
| 27:51 | Create | Villager (Male) |
Match timeline
| 1:40 | Holako · wall_segment Palisade Wall x11 |
| 3:16 | Gırbanç · wall_segment Palisade Wall x4 |
| 3:22 | CaptainX · wall_segment Palisade Wall x1 |
| 3:43 | Holako · wall_segment Palisade Wall x6 |
| 4:08 | Gırbanç · wall_segment Palisade Wall x5 |
| 4:27 | Ejatch Lemayahu Gewodros · wall_segment Palisade Wall x7 |
| 7:01 | Hakka · first_building Barracks |
| 8:23 | Khaledus Secundus · first_building Barracks |
| 10:18 | Khaledus Secundus · age_up feudal |
| 10:31 | Ejatch Lemayahu Gewodros · wall_segment Palisade Wall x7 |
| 10:38 | Ejatch Lemayahu Gewodros · wall_segment Palisade Wall x1 |
| 10:56 | murat · age_up feudal |
| 11:10 | Holako · first_building Barracks |
| 11:13 | Hakka · age_up feudal |
| 11:56 | CaptainX · first_building Barracks |
| 11:58 | CaptainX · age_up feudal |
| 12:02 | Gırbanç · age_up feudal |
| 12:20 | Hakka · wall_segment Stone Wall x4 |
| 12:26 | Gırbanç · wall_segment Stone Wall x4 |
| 12:28 | Hakka · wall_segment Stone Wall x1 |
| 12:28 | Holako · age_up feudal |
| 12:29 | Hakka · wall_segment Stone Wall x1 |
| 12:35 | Holako · wall_segment Stone Wall x7 |
| 13:08 | Ejatch Lemayahu Gewodros · age_up feudal |
| 13:30 | Gırbanç · first_building Barracks |
| 13:31 | Holako · wall_segment Stone Wall x1 |
| 13:34 | Holako · wall_segment Stone Wall x1 |
| 13:36 | Holako · wall_segment Stone Wall x1 |
| 13:42 | Ejatch Lemayahu Gewodros · wall_segment Stone Wall x12 |
| 14:03 | TuMaM4P3rraza · age_up feudal |
| 14:05 | CaptainX · first_building Stable |
| 14:25 | Gırbanç · wall_segment Stone Wall x1 |
| 14:33 | Gırbanç · first_building Archery Range |
| 14:34 | Hakka · wall_segment Stone Wall x4 |
| 14:50 | Holako · first_building Archery Range |
| 15:01 | Gırbanç · first_market_sell 100 food |
| 15:03 | Gırbanç · first_market_buy 100 wood |
| 15:09 | Hakka · wall_segment Stone Wall x3 |
| 15:29 | Hakka · wall_segment Stone Wall x9 |
| 15:34 | Holako · wall_segment Stone Wall x1 |
| 15:34 | Gırbanç · age_up castle |
| 17:19 | Hakka · first_market_buy 500 food |
| 17:26 | Holako · wall_segment Stone Wall x1 |
| 17:34 | Gırbanç · first_building Castle |
| 17:43 | Ejatch Lemayahu Gewodros · age_up castle |
| 17:51 | Holako · wall_segment Stone Wall x1 |
| 17:52 | Ejatch Lemayahu Gewodros · first_building Siege Workshop |
| 17:53 | Holako · wall_segment Stone Wall x1 |
| 17:53 | Holako · wall_segment Stone Wall x1 |
| 17:55 | Holako · wall_segment Stone Wall x1 |
| 17:58 | TuMaM4P3rraza · age_up castle |
| 18:02 | TuMaM4P3rraza · first_building Siege Workshop |
| 18:07 | TuMaM4P3rraza · first_building Monastery |
| 18:10 | murat · first_market_sell 100 stone |
| 18:12 | murat · first_market_buy 100 food |
| 18:22 | Khaledus Secundus · wall_segment Stone Wall x8 |
| 18:36 | TuMaM4P3rraza · first_building Barracks |
| 18:42 | Khaledus Secundus · wall_segment Stone Wall x11 |
| 19:09 | Hakka · wall_segment Stone Wall x2 |
| 19:48 | TuMaM4P3rraza · first_building Archery Range |
| 20:04 | Ejatch Lemayahu Gewodros · first_building Monastery |
| 20:12 | Gırbanç · wall_segment Stone Wall x3 |
| 20:21 | Gırbanç · wall_segment Stone Wall x5 |
| 20:41 | Ejatch Lemayahu Gewodros · first_market_buy 100 food |
| 20:45 | murat · wall_segment Stone Wall x10 |
| 21:26 | Gırbanç · wall_segment Stone Wall x11 |
| 21:29 | murat · age_up castle |
| 21:35 | murat · first_building Castle |
| 21:51 | Khaledus Secundus · first_building Stable |
| 22:16 | Gırbanç · wall_segment Stone Wall x3 |
| 22:39 | Holako · age_up castle |
| 22:39 | TuMaM4P3rraza · age_up imperial |
| 22:40 | Khaledus Secundus · age_up castle |
| 22:52 | Ejatch Lemayahu Gewodros · first_market_sell 100 wood |
| 22:52 | Khaledus Secundus · first_market_buy 100 wood |
| 22:55 | Khaledus Secundus · first_market_sell 100 food |
| 22:59 | Holako · first_building Siege Workshop |
| 23:23 | murat · first_building Barracks |
| 24:09 | murat · first_building Stable |
| 24:39 | murat · wall_segment Stone Wall x3 |
| 26:23 | murat · wall_segment Stone Wall x4 |
| 26:23 | Hakka · age_up castle |
| 26:47 | Hakka · first_building Monastery |
| 27:03 | Ejatch Lemayahu Gewodros · first_building Barracks |
| 27:22 | CaptainX · first_market_buy 100 stone |
| 28:39 | Gırbanç · resign |
[ AI ANALYSIS · 1 CREDIT ]
What really happened in this match?
Wolo.gg analyzes every decision: build order, eco, micro, common mistakes by bracket. Personalized analysis on WhatsApp or Discord in 30 seconds.
Civ guide
Spanish
Map guide
Black Forest
Perfil
murat